 Dungeon Crawl Stone Soup version 0.26-a0-752-gcff87cac9a (webtiles) character file.

Game seed: 1577269440520301230

183 Peloso the Shield-Bearer (level 5, -2/46 HPs)
             Began as a Minotaur Fighter on Nov 6, 2020.
             Slain by a centaur skeleton (5 damage)
             ... on level 4 of the Dungeon.
             The game lasted 00:05:02 (1908 turns).

Peloso the Shield-Bearer (Minotaur Fighter)         Turns: 1908, Time: 00:05:03

Health: -2/46      AC:  7    Str: 20    XL:     5   Next: 35%
Magic:  4/4        EV:  8    Int:  5    God:
Gold:   120        SH: 10    Dex: 11    Spells: 4/4 levels left

rFire    . . .     SeeInvis +   a - +0 long sword
rCold    . . .     Faith    .   c - +0 kite shield
rNeg     . . .     Spirit   .   e - +0 scale mail
rPois    .         Reflect  .   (helmet restricted)
rElec    .         Harm     .   (no cloak)
rCorr    .         Rampage  .   (no gloves)
MR       .....     Rnd*Tele +   (no boots)
Stlth    ..........             m - amulet of inaccuracy (curse)
HPRegen  0.15/turn              g - ring of see invisible
MPRegen  0.09/turn              i - ring of teleportation (curse)

@: no status effects
A: retaliatory headbutt, horns 2
a: no special abilities


You were on level 4 of the Dungeon.
You visited 1 branch of the dungeon, and saw 3 of its levels.

You collected 120 gold pieces.

Inventory:

Hand Weapons
 a - a +0 long sword (weapon)
 b - a +1 whip of flaming
Missiles
 h - 47 bolts
Armour
 c - a +0 kite shield (worn)
 e - a +0 scale mail (worn)
Jewellery
 g - a ring of see invisible (left hand)
 i - a cursed ring of teleportation (right hand)
 m - a cursed amulet of inaccuracy (around neck)
Potions
 d - a potion of might


   Skills:
 + Level 4.0 Fighting
 + Level 4.0 Long Blades
 + Level 4.7 Armour
 + Level 1.0 Dodging
 + Level 5.3 Shields


You had 4 spell levels left.
You didn't know any spells.
Your spell library was empty.

Dungeon Overview and Level Annotations

Branches:
Dungeon (2/15)

Altars:
The Shining One


Innate Abilities, Weirdness & Mutations

You reflexively headbutt those who attack you in melee.
You have a pair of horns on your head.


Message History

You feel strangely unstable.
You are suddenly yanked towards some nearby monsters!
Your surroundings suddenly seem different.
A leopard gecko comes into view.
The leopard gecko hisses angrily.
A centaur skeleton comes into view.
You completely miss the leopard gecko. You block the leopard gecko's attack.
Unknown command.
You barely miss the leopard gecko. Your headbutt misses the leopard gecko.
The centaur skeleton hits you.
* * * LOW HITPOINT WARNING * * *
The leopard gecko closely misses you. You furiously retaliate!
You headbutt the leopard gecko!
You kill the leopard gecko!
The centaur skeleton barely misses you. You furiously retaliate!
You headbutt the centaur skeleton! You barely miss the centaur skeleton.
The centaur skeleton is moderately damaged.
The centaur skeleton hits you.
You die...

#########
#####.......##
.............
......∩.Z.#
.......@..#
..........#
..........#
###########


You could see a centaur skeleton.

Vanquished Creatures
  An iguana (D:4)
  3 worker ants (D:4)
  3 adders
  An ooze (D:1)
  A worm (D:2)
  A dart slug (D:4)
  4 leopard geckos
  7 bats
  4 giant cockroaches
  6 goblins
  4 hobgoblins
  4 jackals (D:4)
  A quokka (D:2)
  4 frilled lizards
  3 kobolds
  6 rats
53 creatures vanquished.

Notes
Turn   | Place    | Note
-------+----------+-------------------------------------------
     0 | D:1      | Peloso the Minotaur Fighter began the quest for the Orb.
     0 | D:1      | Reached XP level 1. HP: 19/19 MP: 0/0
   133 | D:1      | Reached XP level 2. HP: 16/27 MP: 1/1
   519 | D:1      | Reached skill level 4 in Shields
   657 | D:1      | Reached XP level 3. HP: 31/33 MP: 2/2
  1025 | D:2      | Found a glowing golden altar of the Shining One.
  1591 | D:2      | You fall into a shaft and drop 2 floors!
  1598 | D:4      | Reached XP level 4. HP: 19/40 MP: 3/3
  1803 | D:4      | Reached skill level 5 in Shields
  1845 | D:4      | Reached skill level 1 in Dodging
  1845 | D:4      | Reached XP level 5. HP: 9/46 MP: 4/4
  1908 | D:4      | Slain by a centaur skeleton

Illustrated notes

Levels and vault maps discovered:
D:1:      minmay_arrival_plants_in_alcoves, layout_basic
D:2:      layout_loops_ring, overflow_temple_1_default
D:4:      layout_rooms, lemuel_coloured_pillars_altar, abandoned_shop,
          nicolae_ru_path_of_blood, uniq_crazy_yiuf_cottage

Skill      XL: |  1  2  3  4  5 |
---------------+----------------+-----
Armour         | 4 |  4.7
Shields        | 4 5 |  5.3
Long Blades    | 3 4 |  4.0
Fighting       | 4 |  4.0
Dodging        | 1 |  1.0

Action                   |  1- 3 |  4- 6 || total
-------------------------+-------+-------++-------
Melee: Long sword        |   119 |    52 ||   171
       Headbutt          |    14 |     9 ||    23
  Use: Potion            |     3 |     1 ||     4
       Scroll            |     1 |       ||     1
Armor: Scale mail        |    63 |    24 ||    87
Dodge: Dodged            |    44 |    30 ||    74
Block: Kite shield       |    79 |    27 ||   106
       Rpst.: Long sword |    10 |     9 ||    19

Table legend: (Time is in decaauts)
 A = Elapsed time spent in this place.
 B = Non-inter-level travel time spent in this place.
 C = Inter-level travel time spent in this place.
 D = Time resting spent in this place.
 E = Time spent auto-exploring this place.
 F = Levels seen in this place.
 G = Mean time per level.
                   A        B        C        D        E       F      G
               +--------+--------+--------+--------+--------+-----+--------+
         Total |   1942 |   1932 |     10 |    211 |   1225 |   3 |  647.3 |
       Dungeon |   1942 |   1932 |     10 |    211 |   1225 |   3 |  647.3 |
               +--------+--------+--------+--------+--------+-----+--------+

Top non-repeatable levels by time:
     D:1: 851 daAuts
     D:2: 774 daAuts
     D:4: 316 daAuts
